 Dungeon Crawl Stone Soup version 0.28-a0-1206-g193881aaa2 (webtiles) character file.

Game seed: 9402488752202931875

32968 emnemthenerd the Severer (level 13, -7/178 HPs)
             Began as a Minotaur Berserker on Dec 20, 2021.
             Was a High Priest of Trog.
             Mangled by a very large slime creature (35 damage)
             ... on level 15 of the Dungeon on Dec 21, 2021.
             The game lasted 01:01:03 (20567 turns).

emnemthenerd the Severer (Minotaur Berserker)      Turns: 20567, Time: 01:01:03

Health: -7/178     AC: 14    Str: 33    XL:     13   Next: 34%
Magic:  12/12      EV: 17    Int:  4    God:    Trog [*****.]
Gold:   1155       SH:  0    Dex: 13    Spells: 12/12 levels left

rFire   . . .      SeeInvis .   I - +7 battleaxe "Jepsuogo" {flame, Dex+3}
rCold   . . .      Faith    .   (shield currently unavailable)
rNeg    . . .      Spirit   .   A - +3 scale mail {Will+}
rPois   .          Reflect  .   (helmet restricted)
rElec   .          Harm     .   (no cloak)
rCorr   .          Rampage  .   e - +0 pair of gloves
Will    +....                   (no boots)
Stlth   ..........              (no amulet)
HPRegen 0.39/turn               w - +6 ring of strength
MPRegen 0.13/turn               x - +4 ring of evasion

@: berserking, very quick
A: horns 2, retaliatory headbutt
a: Renounce Religion, Berserk, Trog's Hand, Brothers in Arms


You were on level 15 of the Dungeon.
You worshipped Trog.
Trog was extremely pleased with you.
You visited 2 branches of the dungeon, and saw 16 of its levels.

You collected 1295 gold pieces.
You spent 140 gold pieces at shops.

Inventory:

Hand Weapons
 a - a +1 spear
 c - a +1 war axe of electrocution
 m - a +2 dagger of venom
 E - a +2 shortbow of freezing
 F - a +4 falchion
 I - the +7 battleaxe "Jepsuogo" (weapon) {flame, Dex+3}
   (You found it on level 8 of the Dungeon)

   It burns those it strikes, dealing additional fire damage.
   Big, fiery blades are also staple armaments of hydra-hunters.
   Dex:       It affects your dexterity (+3).
 R - a +0 antimagic halberd
Missiles
 j - 2 throwing nets (quivered)
Armour
 b - a +0 animal skin
 e - a +0 pair of gloves (worn)
 n - a +0 chain mail
 A - a +3 scale mail of willpower (worn)
Jewellery
 t - a ring of willpower
 w - a +6 ring of strength (left hand)
 x - a +4 ring of evasion (right hand)
 y - a ring of resist corrosion
 C - a ring of poison resistance
 J - a ring of poison resistance
 O - a ring of fire
Wands
 p - a wand of digging (2)
 r - a wand of iceblast (12)
 z - a wand of flame (17)
 N - a wand of acid (13)
 T - a wand of mindburst (8)
Scrolls
 f - 5 scrolls of teleportation
 g - 2 scrolls of vulnerability
 h - a scroll of identify
 i - 4 scrolls of immolation
 s - 3 scrolls of fear
 v - 3 scrolls of fog
 B - a scroll of enchant weapon
 G - 2 scrolls of enchant armour
 L - a scroll of amnesia {unknown}
 M - a scroll of torment
 P - a scroll of blinking
 Q - 2 scrolls of holy word {unknown}
Potions
 d - 2 potions of flight
 k - a potion of lignification {unknown}
 l - a potion of might {unknown}
 o - 2 potions of degeneration {unknown}
 q - 2 potions of curing
 u - 3 potions of ambrosia
 D - 2 potions of magic {unknown}
 H - 2 potions of heal wounds
 K - 2 potions of brilliance {unknown}
 S - a potion of invisibility {unknown}
 U - a potion of resistance


   Skills:
 + Level 12.5 Fighting
 + Level 16.2(17.7) Axes
 + Level 11.7(15.4) Polearms
 + Level 12.7 Armour
 + Level 6.9 Dodging
 + Level 3.1 Stealth


You had 12 spell levels left.
You didn't know any spells.
Your spell library contained the following spells:

 Spells                   Type           Power      Damage    Failure   Level
 Apportation              Tloc           0%         N/A       67%         1
 Magic Dart               Conj           0%         1d3       67%         1
 Slow                     Hex            0%         N/A       67%         1
 Searing Ray              Conj           0%         2d4       82%         2
 Confusing Touch          Hex            0%         N/A       96%         3
 Animate Armour           Summ/Erth      0%         N/A       100%        4
 Fulminant Prism          Conj/Hex       0%         3d6       100%        4
 Alistair's Intoxication  Tmut/Pois      0%         N/A       100%        5
 Blade Hands              Tmut           0%         N/A       100%        5
 Yara's Violent Unravell  Hex/Tmut       0%         3d3       100%        5
 Iron Shot                Conj/Erth      0%         9d1       100%        6


Dungeon Overview and Level Annotations

Branches:
Dungeon (15/15)            Temple (0/1) D:7            Lair (0/6) D:10
    Orc (2/2) D:11         Depths (0/4) D:15
    Elf: Orc:2       Vaults: D:13-14

Altars:
Dithmenos
Elyvilon
Gozag
Makhleb
Nemelex Xobeh
Okawaru
Trog
Uskayaw
Vehumet
Wu Jian
Xom
The Shining One
Lugonu

Shops:
D:6 [   D:7 *   D:8 [   D:15 [[*=*   Orc:1 [[[

Annotations:
D:8 2 transporters


Innate Abilities, Weirdness & Mutations

You have a pair of horns on your head.
You reflexively headbutt those who attack you in melee.


Message History

Two slime creatures merge to form a very large slime creature.
You slash the large slime creature! You burn the large slime creature.
You headbutt the large slime creature.
The large slime creature is moderately wounded.
You carve the large slime creature like a ham!!!
You burn the large slime creature!
The large slime creature is severely wounded.
A large slime creature splits.
You slice the slime creature!! You burn the slime creature.
You kill the slime creature!
Trog accepts your kill.
You hit the slime creature. You burn the slime creature.
The slime creature hits you but does no damage.
You slice the slime creature!! You burn the slime creature.
You kill the slime creature!
Trog accepts your kill.
The very large slime creature misses you.
You slash the very large slime creature!
You burn the very large slime creature.
You headbutt the very large slime creature!
The very large slime creature is lightly wounded.
The very large slime creature hits you!!!
You slash the very large slime creature!
You burn the very large slime creature.
The very large slime creature is lightly wounded.
The very large slime creature completely misses you.
You barely miss the very large slime creature.
You headbutt the very large slime creature!
The very large slime creature is moderately wounded.
The very large slime creature hits you!!!
* * * LOW HITPOINT WARNING * * *
You are too injured to fight recklessly!
You are too injured to fight recklessly!
You are too injured to fight recklessly!
You are too injured to fight recklessly!
You are too injured to fight recklessly!
A red film seems to cover your vision as you go berserk!
You feel yourself moving faster!
You feel mighty!
The very large slime creature hits you!!
You die...

#####
#...########
#...@J......
#...########
##.## #.#
#.# ### #.#
##.. #.#
#####... #.#
#####..#..).
#<#
............


You could see a very large slime creature.

Vanquished Creatures
  Kirke (D:15)
  An ettin (D:15)
  Josephine (D:12)
  Harold (D:10)
  A hydra (D:15)
  2 boulder beetles
  2 centaur warriors
  3 two-headed ogres
  2 tengu warriors (D:15)
  The ghost of ytrimaz the Insei, a novice OpTm of Ashenzari (D:10)
  A deep troll (D:15)
  2 wizards (D:15)
  A deep elf pyromancer (D:15)
  2 orc sorcerers
  2 orc knights (Orc:1)
  A manticore (D:15)
  8 ugly things
  A cyclops (Orc:1)
  Joseph (D:7)
  Maggie (D:7)
  Maurice (D:13)
  A rime drake (D:10)
  An efreet (D:15)
  A freezing wraith (D:15)
  A komodo dragon (D:9)
  A queen bee (D:9)
  2 trolls
  2 hornets (D:7)
  7 slime creatures
  2 centaur simulacra (D:10)
  A shadow (D:10)
  5 wraiths
  18 yaks
  4 hogs (D:15)
  2 wargs (Orc:1)
  A water moccasin (D:9)
  A black bear (D:8)
  3 ice beasts (D:10)
  12 orc warriors
  A sky beast (D:5)
  6 ogres
  6 centaurs
  3 kobold brigands
  2 bullfrogs
  A scorpion (D:4)
  A water moccasin zombie (D:7)
  21 killer bees
  24 wights
  A bullfrog zombie (D:6)
  7 centaur zombies
  A gnoll shaman (D:8)
  3 hounds (D:5)
  5 orc priests
  A centaur skeleton (D:7)
  2 iguanas
  Natasha (thrice) (D:3)
  11 orc wizards
  A killer bee zombie (D:7)
  A hound skeleton (D:4)
  5 adders
  8 gnolls
  5 white imps
  5 worms
  4 dart slugs
  61 orcs
  11 endoplasms
  9 goblins
  13 hobgoblins
  7 jackals (D:1)
  3 quokkas
  7 ball pythons
  8 bats
  10 frilled lizards
  18 kobolds
  12 rats
388 creatures vanquished.

Vanquished Creatures (others)
  2 humans (D:15)
  An orc wizard (Orc:1)
  5 plants (D:9)
8 creatures vanquished.

Grand Total: 396 creatures vanquished

Notes
Turn   | Place    | Note
-------+----------+-------------------------------------------
     0 | D:1      | emnemthenerd the Minotaur Berserker began the quest for the
                  | Orb.
     0 | D:1      | Reached XP level 1. HP: 19/19 MP: 0/0
   139 | D:1      | Reached XP level 2. HP: 24/27 MP: 1/1
   337 | D:1      | Reached ** piety under Trog
   473 | D:1      | Reached XP level 3. HP: 32/33 MP: 2/2
   510 | D:1      | Found a faded altar of an unknown god.
  1407 | D:2      | Reached *** piety under Trog
  1432 | D:2      | Reached skill level 5 in Polearms
  1432 | D:2      | Reached XP level 4. HP: 32/41 MP: 3/3
  1907 | D:3      | Noticed Natasha
  1916 | D:3      | Killed Natasha
  1922 | D:3      | Reached XP level 5. HP: 38/47 MP: 4/4
  2163 | D:3      | Noticed Natasha
  2171 | D:3      | Killed Natasha
  2438 | D:3      | Noticed Natasha
  2443 | D:3      | Killed Natasha
  2444 | D:3      | Reached skill level 1 in Stealth
  2606 | D:4      | Reached XP level 6. HP: 35/55 MP: 5/5
  3580 | D:5      | Entered Level 5 of the Dungeon
  3580 | D:5      | Noticed a sky beast
  3597 | D:5      | Killed a sky beast
  3598 | D:5      | Reached skill level 5 in Fighting
  3622 | D:5      | Reached XP level 7. HP: 45/61 MP: 6/6
  3637 | D:5      | Reached **** piety under Trog
  4534 | D:5      | Reached skill level 5 in Armour
  5009 | D:6      | Found Xyifif's Antique Armour Shop.
  5022 | D:6      | Bought a glowing scale mail for 140 gold pieces
  5119 | D:6      | Noticed a moth of wrath
  5122 | D:6      | Found a bloodstained altar of Trog.
  5324 | D:7      | Noticed a hornet
  5336 | D:7      | Killed a hornet
  5337 | D:7      | Reached XP level 8. HP: 60/70 MP: 7/7
  6035 | D:7      | Found a staircase to the Ecumenical Temple.
  6059 | D:7      | Noticed Maggie
  6080 | D:7      | Killed Maggie
  6174 | D:7      | Found Muculoq's General Store.
  6180 | D:7      | Noticed Joseph
  6202 | D:7      | Killed Joseph
  6203 | D:7      | Reached XP level 9. HP: 12/79 MP: 8/8
  7426 | D:7      | Reached skill level 10 in Polearms
  7643 | D:8      | Reached skill level 5 in Dodging
  8085 | D:8      | Reached skill level 10 in Armour
  8244 | D:8      | Found a transporter.
  8248 | D:8      | Found a corrupted altar of Lugonu.
  8350 | D:8      | Found Xineampi's Antique Armour Boutique.
  9199 | D:8      | Noticed a cyan ugly thing
  9199 | D:8      | Noticed a red ugly thing
  9199 | D:8      | Noticed a red ugly thing
  9201 | D:8      | Found a transporter.
  9500 | D:8      | Identified the +7 battleaxe "Jepsuogo" {flame, Dex+3}
  9524 | D:9      | Noticed a brown ugly thing
  9530 | D:9      | Killed a brown ugly thing
  9531 | D:9      | Reached XP level 10. HP: 71/88 MP: 9/9
  9612 | D:9      | Reached ***** piety under Trog
 10060 | D:9      | Reached skill level 1 in Axes
 10153 | D:9      | Reached skill level 2 in Axes
 10308 | D:9      | Noticed a two-headed ogre
 10311 | D:9      | Killed a two-headed ogre
 10312 | D:9      | Reached skill level 3 in Axes
 10338 | D:9      | Reached skill level 4 in Axes
 10389 | D:9      | Reached skill level 5 in Axes
 10395 | D:9      | Reached skill level 6 in Axes
 10677 | D:9      | Reached skill level 7 in Axes
 11661 | D:9      | Found an opulent altar of Gozag.
 11662 | D:9      | Found a glowing golden altar of the Shining One.
 11663 | D:9      | Found a sparkling altar of Nemelex Xobeh.
 11664 | D:9      | Found a shadowy altar of Dithmenos.
 11664 | D:9      | Found a radiant altar of Vehumet.
 11664 | D:9      | Found a white marble altar of Elyvilon.
 11666 | D:9      | Found a shimmering altar of Xom.
 11666 | D:9      | Found a burning altar of Makhleb.
 11666 | D:9      | Found an ornate altar of the Wu Jian Council.
 11747 | D:9      | Reached XP level 11. HP: 93/95 MP: 10/10
 11749 | D:9      | Reached skill level 8 in Axes
 12061 | D:10     | Entered Level 10 of the Dungeon
 12117 | D:10     | Noticed Harold
 12340 | D:10     | Found a runed translucent gate.
 12356 | D:10     | Found a runed translucent gate.
 12423 | D:10     | Found a runed translucent gate.
 12429 | D:10     | Killed Harold
 12621 | D:10     | Noticed ytrimaz's ghost (novice OpTm)
 12782 | D:10     | Reached skill level 9 in Axes
 12891 | D:10     | Found a staircase to the Lair.
 12915 | D:10     | Noticed a two-headed ogre
 12922 | D:10     | Killed a two-headed ogre
 13090 | D:10     | Found an iron altar of Okawaru.
 13359 | D:10     | Killed ytrimaz's ghost
 13360 | D:10     | Reached skill level 10 in Axes
 13361 | D:10     | Identified the +8 quarterstaff "Stringbean" {vorpal, rN+
                  | rCorr} (Trog gifted it to you on level 10 of the Dungeon)
 13361 | D:10     | Received a gift from Trog
 13889 | D:11     | Reached skill level 11 in Axes
 14317 | D:11     | Found a staircase to the Orcish Mines.
 14359 | D:11     | Found a hide-covered altar of Uskayaw.
 14426 | D:11     | Identified the +0 leather armour of the King of the Hill
                  | {MP+9}
 14881 | Orc:1    | Entered Level 1 of the Orcish Mines
 14881 | Orc:1    | Found Jeokleumn's Antique Armour Boutique.
 14890 | Orc:1    | Noticed an orc knight
 14899 | Orc:1    | Killed an orc knight
 14900 | Orc:1    | Reached skill level 12 in Axes
 15171 | Orc:1    | Found Nacyvo's Armour Shoppe.
 15647 | Orc:1    | Found Wesky's Antique Armour Shop.
 15663 | Orc:1    | Noticed an orc knight
 15666 | Orc:1    | Reached XP level 12. HP: 106/106 MP: 11/11
 15684 | Orc:1    | Reached skill level 10 in Fighting
 16543 | Orc:2    | Entered Level 2 of the Orcish Mines
 16543 | Orc:2    | Noticed an ogre mage
 16545 | Orc:2    | Noticed a two-headed ogre
 16545 | Orc:2    | Noticed a two-headed ogre
 16545 | Orc:2    | Noticed a two-headed ogre
 16738 | D:11     | Reached skill level 13 in Axes
 16811 | D:12     | Noticed Josephine
 16812 | D:12     | Noticed a two-headed ogre
 16821 | D:12     | Killed a two-headed ogre
 16825 | D:12     | Killed Josephine
 16825 | D:12     | Received a gift from Trog
 18075 | D:13     | Noticed a centaur warrior
 18078 | D:13     | Killed a centaur warrior
 18141 | D:13     | Noticed a boulder beetle
 18147 | D:13     | Killed a boulder beetle
 18148 | D:13     | Reached skill level 14 in Axes
 18179 | D:13     | Noticed Maurice
 18184 | D:13     | Killed Maurice
 18454 | D:13     | You fall into a shaft and drop 2 floors!
 18454 | D:15     | Entered Level 15 of the Dungeon
 18454 | D:15     | Found Sairipuink's Assorted Antiques.
 18477 | D:15     | Noticed a tengu warrior
 18486 | D:15     | Killed a tengu warrior
 18865 | D:15     | Found Cuques's Jewellery Boutique.
 18870 | D:15     | Noticed a centaur warrior
 18873 | D:15     | Noticed a boulder beetle
 18874 | D:15     | Noticed a seven-headed hydra
 18875 | D:15     | Killed a centaur warrior
 18876 | D:15     | Reached skill level 15 in Axes
 18884 | D:15     | Killed a six-headed hydra
 18888 | D:15     | Killed a boulder beetle
 18889 | D:15     | Reached XP level 13. HP: 77/117 MP: 12/12
 19604 | D:15     | Noticed Kirke
 19620 | D:15     | Killed Kirke
 19718 | D:15     | Found Fujed's General Store.
 19798 | D:15     | Reached skill level 16 in Axes
 19959 | D:15     | Noticed an ettin
 19965 | D:15     | Killed an ettin
 20476 | D:15     | Found a staircase to the Depths.
 20484 | D:15     | Found Ugebyssa's Armour Boutique.
 20511 | D:15     | Found Diconut's Antique Armour Emporium.
 20567 | D:15     | Mangled by a very large slime creature

Illustrated notes

Levels and vault maps discovered:
D:1:      kennysheep_arrival_forest, layout_basic,
          dreamdust_ecumenical_altar_angels_and_demons, minmay_lizard_pond
D:2:      layout_basic, st_stairs_6, minmay_divided_ellipse
D:3:      layout_basic, uniq_natasha
D:4:      cheibrodos_helix_gallery, layout_rooms, portal_sewer_entry_e,
          chequers_serial_rivers_small_b, grunt_ministairs_3
D:5:      layout_basic
D:6:      layout_cave_pools, tgw_trog, serial_shops,
          nicolae_shop_advertising_works [nicolae_subvault_shop_adworks],
          kennysheep_doodads
D:7:      layout_basic, minmay_temple_entry_drinking_statues, serial_shops,
          shop, minmay_stone_trees_small, nicolae_benzene_ring, uniq_joseph,
          uniq_maggie
D:8:      gammafunk_corrupted_shrine, layout_rooms, serial_corexii_hall,
          chequers_hall_statues_corner_a, chequers_hall_statues_y, serial_shops,
          nicolae_square_shop
D:9:      layout_irregular_city, nicolae_overflows_in_rows, serial_bayou_pond_a,
          minivault_7
D:10:     layout_loops_ring, marbit_many_paths, lair_entry_dummy,
          gammafunk_ghost_icy, minmay_crystal_room, minmay_diced_spiral,
          uniq_harold
D:11:     layout_rooms, orc_0_dummy, nicolae_uskayaw_murder_on_the_dancefloor
D:12:     layout_rooms, minmay_holes, uniq_nessos, uniq_josephine, uniq_snorg,
          uniq_fannar
D:13:     layout_roguey, chequers_arboretum, uniq_maurice
D:15:     hangedman_depths_entry_civil_slaughter, layout_loops_ring,
          serial_shops, nicolae_shop_window_shopping, shop, shop, shop,
          nicolae_shop_stone, nicolae_kikubaaqudgha_miasma_corner, st_stairs_1,
          uniq_kirke
Orc:1:    layout_caves, serial_shops, shop, nicolae_square_shop,
          nicolae_shop_crystal
Orc:2:    st_orc_open, layout_caves, basic_altar

Skill      XL: |  1  2  3  4  5  6  7  8  9 10 11 12 13 |
---------------+----------------------------------------+-----
Polearms       | 4 5 6 7 8 9 11 | 11.7
Fighting       | 4 5 6 7 8 9 11 12 | 12.5
Dodging        | 3 4 5 6 |  6.9
Stealth        | 1 2 3 |  3.1
Armour         | 3 4 6 8 10 11 12 | 12.7
Axes           | 7 12 15 16 | 16.2

Action                   |  1- 3 |  4- 6 |  7- 9 | 10-12 | 13-15 || total
-------------------------+-------+-------+-------+-------+-------++-------
Melee: Spear             |   125 |   184 |   340 |       |       ||   649
       Headbutt          |    15 |    26 |    74 |    65 |    22 ||   202
       Battleaxe         |       |       |     3 |   280 |    50 ||   333
Invok: Berserk           |       |     1 |     4 |    10 |     2 ||    17
  Use: Scroll            |       |     4 |       |    10 |       ||    14
       Potion            |       |       |     1 |     3 |     1 ||     5
 Stab: Sleeping          |     2 |     1 |       |       |       ||     3
Armor: Animal skin       |    15 |     3 |       |       |       ||    18
       Chain mail        |       |    54 |    23 |       |       ||    77
       Scale mail        |       |       |    53 |   107 |    19 ||   179
Dodge: Dodged            |    46 |    51 |   154 |   275 |    39 ||   565

Table legend: (Time is in decaauts)
 A = Elapsed time spent in this place.
 B = Non-inter-level travel time spent in this place.
 C = Inter-level travel time spent in this place.
 D = Time resting spent in this place.
 E = Time spent auto-exploring this place.
 F = Levels seen in this place.
 G = Mean time per level.
                   A        B        C        D        E       F      G
               +--------+--------+--------+--------+--------+-----+--------+
         Total |  20580 |  19531 |   1049 |  10206 |   7500 |  16 | 1286.2 |
       Dungeon |  18764 |  17824 |    940 |   8908 |   7225 |  14 | 1340.3 |
  Orcish Mines |   1816 |   1707 |    109 |   1298 |    275 |   2 |  908.0 |
               +--------+--------+--------+--------+--------+-----+--------+

Top non-repeatable levels by time:
     D:9: 2566 daAuts
     D:7: 2241 daAuts
    D:15: 2130 daAuts
     D:8: 1886 daAuts
   Orc:1: 1813 daAuts
    D:10: 1789 daAuts
    D:13: 1339 daAuts
    D:11: 1126 daAuts
     D:5: 1071 daAuts
     D:4: 1066 daAuts
     D:1: 869 daAuts
     D:2: 856 daAuts
     D:3: 773 daAuts
     D:6: 651 daAuts
    D:12: 396 daAuts
